 Dungeon Crawl Stone Soup version 0.22.0-27-ga576289 (webtiles) character file.

61546 Monsterracer the Impaler (level 15, -2/129 HPs)
             Began as a Merfolk Artificer on Aug 22, 2018.
             Was an Elder of Trog.
             Slain by Kirke (8 damage)
             ... on level 11 of the Dungeon.
             The game lasted 00:50:30 (32707 turns).

Monsterracer the Impaler (Merfolk Artificer)       Turns: 32707, Time: 00:50:31

Health: -2/129     AC:  0    Str: 17    XL:     15   Next: 3%
Magic:  6/19       EV: 27    Int: 12    God:    Trog [****..]
Gold:   1372       SH:  0    Dex: 15    Spells: 14/14 levels left

rFire    . . .     SeeInvis .   (weapon currently unavailable)
rCold    . . .     Gourm    .   (shield currently unavailable)
rNeg     . . .     Faith    .   (armour currently unavailable)
rPois    .         Spirit   .   (helmet currently unavailable)
rElec    .         Reflect  .   (cloak currently unavailable)
rCorr    .         Harm     .   (gloves currently unavailable)
MR       +....                  (boots currently unavailable)
Stlth    +++.......             (no amulet)
HPRegen  0.31/turn              (ring currently unavailable)
MPRegen  0.16/turn              (ring currently unavailable)

@: pig-form, very quick
A: small, (change form in water), (swift swim), (stealthy swim)
a: Berserk, Trog's Hand, Brothers in Arms, Renounce Religion


You were on level 11 of the Dungeon.
You worshipped Trog.
Trog was greatly pleased with you.
You were not hungry.
You were a filthy swine.
You visited 5 branches of the dungeon, and saw 22 of its levels.
You also visited: Bailey and Ice Cave.

You collected 2967 gold pieces.
You spent 1595 gold pieces at shops.

Inventory:

Hand Weapons
 a - a +7 antimagic glaive (melded)
 b - the +1 trident of Elloq {freeze, +Inv rF+ Str+4}
   (You found it on level 9 of the Dungeon)

   It has been specially enchanted to freeze those struck by it, causing extra
   injury to most foes and up to half again as much damage against particularly
   susceptible opponents.
   It can also slow down cold-blooded creatures.
   It affects your strength (+4).
   It protects you from fire.
   It lets you turn invisible.
Missiles
 e - a throwing net (quivered)
Jewellery
 k - an uncursed ring of resist corrosion
 w - an uncursed ring of flight
 x - the ring of the Neverending Hells (melded) {MR+ Str+3 Dex-5 Stlth-}
   (You bought it in a shop on level 2 of the Orcish Mines)

   [ring of attention]

   It affects your strength (+3).
   It affects your dexterity (-5).
   It affects your resistance to hostile enchantments.
   It makes you less stealthy.
 E - an uncursed ring of ice
 I - an uncursed ring of poison resistance {!d}
 P - a +3 ring of slaying (melded)
Wands
 d - a wand of enslavement (24)
 f - a wand of flame (52)
 o - a wand of iceblast (22)
 r - a wand of disintegration (6)
 K - a wand of acid (7)
 L - a wand of clouds (6)
Scrolls
 i - 10 scrolls of remove curse
 j - 2 scrolls of teleportation {!r}
 n - 3 scrolls of blinking
 s - 2 scrolls of fog
 D - 4 scrolls of fear {!r}
 F - 2 scrolls of magic mapping {!r}
 Q - a scroll of summoning {!r}
Potions
 h - a potion of magic {unknown}
 m - 4 potions of brilliance
 p - a potion of cancellation
 q - 3 potions of berserk rage {!q}
 t - 6 potions of curing
 v - 2 potions of lignification
 z - 2 potions of agility {unknown}
 A - 4 potions of resistance
 B - 5 potions of ambrosia {!q}
 C - 4 potions of heal wounds
 H - 6 potions of flight
 J - 2 potions of mutation {unknown}
 M - 3 potions of might
 O - 2 potions of haste
Miscellaneous
 l - a sack of spiders
Comestibles
 c - 17 rations


   Skills:
 * Level 15.1 Fighting
   Level 1.2 Short Blades
 - Level 20.0 Polearms
 + Level 4.1 Armour
 - Level 15.6 Dodging
 - Level 5.4 Stealth
 - Level 6.5 Evocations


You had 14 spell levels left.
You didn't know any spells.
Your spell library was empty.

Dungeon Overview and Level Annotations

Branches:
Dungeon (12/15)            Temple (1/1) D:6            Lair (6/6) D:9
 Shoals (1/4) Lair:4        Snake (0/4) Lair:4        Slime (0/5) Lair:5
    Orc (2/2) D:9             Elf (0/3) Orc:2

Altars:
Ashenzari
Cheibriados
Dithmenos
Elyvilon
Fedhas
Gozag
Hepliaklqana
Kikubaaqudgha
Makhleb
Nemelex Xobeh
Okawaru
Qazlal
Ru
Sif Muna
Trog
Uskayaw
Vehumet
Wu Jian
Xom
Yredelemnul
Zin
The Shining One
Jiyva

Shops:
D:8 [   D:11 }   Orc:1 =   Orc:2 [*!!(

Annotations:
D:11 Kirke


Message History

You continue taking off your +2 crystal plate armour.
Kirke hits you but does no damage.
You continue taking off your +2 crystal plate armour.
Kirke hits you but does no damage.
You continue taking off your +2 crystal plate armour.
Kirke closely misses you.
You continue taking off your +2 crystal plate armour.
Kirke hits you but does no damage.
You finish taking off your +2 crystal plate armour.
You regained 2 hp, and now have 112/129 hp.
Unknown command.
Unknown command.
Kirke completely misses you.
Unknown command.
Drop what? 42/52 slots (_ for help) (? for menu, Esc to quit)
Kirke hits you.
Keep disrobing?
You start removing your armour.
You continue taking off your +0 pair of boots.
Kirke holds her sides and says, "You'll eat dirt beneath my feet."
Kirke closely misses you.
You continue taking off your +0 pair of boots.
Kirke barely misses you.
You continue taking off your +0 pair of boots.
Kirke completely misses you.
You continue taking off your +0 pair of boots.
Kirke completely misses you.
You finish taking off your +0 pair of boots.
You take 2 damage, and have 110/129 hp.
Drop what? 42/52 slots (_ for help) (? for menu, Esc to quit)
Kirke misses you.
Keep disrobing?
You start removing your armour.
You continue taking off your +2 cloak of invisibility.
Kirke hits you!
You continue taking off your +2 cloak of invisibility.
Kirke casts a spell at you.
You easily resist.
You continue taking off your +2 cloak of invisibility.
Kirke hits you!
You continue taking off your +2 cloak of invisibility.
Kirke hits you.
You finish taking off your +2 cloak of invisibility.
You take 33 damage, and have 77/129 hp.
MASSIVE DAMAGE!!
Drop what? 42/52 slots (_ for help) (? for menu, Esc to quit)
You drop a +2 cloak of invisibility.
Kirke hits you!!
* * * LOW HITPOINT WARNING * * *
You take 18 damage, and have 59/129 hp.
Unknown command.
Drop what? 41/52 slots (_ for help) (? for menu, Esc to quit)
Really remove
u - an amulet of faith?
You remove your amulet of faith.
Trog seems less interested in you.
You feel less pious.
You drop an uncursed amulet of faith.
Kirke hits you.
* * * LOW HITPOINT WARNING * * *
You take 1 damage, and have 58/129 hp.
Unknown command.
Unknown command.
Drop what? 40/52 slots (_ for help) (? for menu, Esc to quit)
You drop a +2 crystal plate armour.
Kirke barely misses you.
Drop what? 39/52 slots (_ for help) (? for menu, Esc to quit)
You drop a +0 pair of boots.
Kirke hits you!
* * * LOW HITPOINT WARNING * * *
You take 12 damage, and have 46/129 hp.
Unknown command.
You swing at nothing.
Kirke hits you!
* * * LOW HITPOINT WARNING * * *
You take 12 damage, and have 34/129 hp.
Kirke misses you. Kirke barely misses you.
There is a stone staircase leading down, spattered with blood here.
Items here: " [[[ a +0 pair of boots; a +2 crystal plate armour; an uncursed amulet of faith a +2 cloak of invisibility Kirke hits you!
* * * LOW HITPOINT WARNING * * *
You take 14 damage, and have 20/129 hp.
Kirke completely misses you.
There is a stone staircase leading down, spattered with blood here.
Items here: " [[[ a +0 pair of boots; a +2 crystal plate armour; an uncursed amulet of faith a +2 cloak of invisibility Kirke hits you!
* * * LOW HITPOINT WARNING * * *
You take 15 damage, and have 5/129 hp.
Kirke points at you and mumbles some strange words.
You easily resist.
There is a stone staircase leading down, spattered with blood here.
Items here: " [[[ a +0 pair of boots; a +2 crystal plate armour; an uncursed amulet of faith a +2 cloak of invisibility Kirke holds her sides and says, "You'll eat dirt beneath my feet."
Kirke casts a spell at you.
You turn into a filthy swine.
Your +7 antimagic glaive melds into your body.
The ring of the Neverending Hells {MR+ Str+3 Dex-5 Stlth-} melds into your body.
Your +3 ring of slaying melds into your body.
You feel magic returning to you. Kirke hits you!
You die...

#.....#...........##
#.....'...........##
#.....##.###########
#......#.##.........
#......#..#.....##..
#......#..#.#.......
#......#..#.........
#..@...#..#........∩
#..h...#..########'#
#.####.#..##........
#......#..##........
#......#########....
#....############'##
#....#....#.........
#.#..#....+.........
#....####'##........
#..........'........


You could see Kirke.

Vanquished Creatures
  Josephine (Orc:1)
  8 hydras
  Erica (Orc:2)
  A centaur warrior (D:8)
  A two-headed ogre (D:8)
  The ghost of bosm the Martial Artist, a novice DsTm of Cheibriados (D:9)
  5 orc high priests
  A skeletal warrior (D:8)
  10 orc knights
  A necromancer (IceCv)
  3 harpies (Shoals:1)
  3 orc sorcerers (Orc:2)
  2 manticores
  A faun (Shoals:1)
  A centaur zombie (D:10)
  3 black mambas
  An ice statue (IceCv)
  5 spiny frogs
  2 rime drakes (Lair:2)
  5 komodo dragons
  10 freezing wraiths (IceCv)
  8 trolls
  A queen bee (Lair:3)
  Grinder (D:4)
  A hornet (D:8)
  4 polar bears (Lair:2)
  A merfolk (Shoals:1)
  9 blink frogs (Lair:3)
  7 dream sheep
  8 hippogriffs
  A shadow (Lair:1)
  21 yaks
  2 vampires
  9 wraiths
  A basilisk (Lair:5)
  7 wyverns
  A steam dragon (Lair:3)
  A hungry ghost (D:7)
  Menkaure (D:6)
  4 hogs (D:12)
  4 wargs (Orc:2)
  2 nagas (Lair:4)
  3 death yak simulacra (IceCv)
  9 water moccasins
  Duvessa (D:4)
  41 orc warriors
  10 porcupines
  An alligator simulacrum (IceCv)
  4 phantoms
  12 ice beasts
  3 sky beasts
  A black bear (D:8)
  11 ogres
  18 wolves
  4 centaurs
  16 crocodiles
  5 big kobolds
  13 bullfrogs
  A wyvern zombie (D:11)
  Dowan (D:4)
  29 killer bees
  4 scorpions
  An electric eel (D:9)
  3 wights (D:10)
  4 howler monkeys
  5 crimson imps
  2 draconian simulacra (IceCv)
  4 jellies
  18 orc priests
  A gnoll shaman (D:10)
  A quasit (D:6)
  Crazy Yiuf (D:2)
  A bullfrog skeleton (D:9)
  6 hounds
  32 orc wizards
  4 iguanas
  Natasha (thrice) (D:4)
  3 spriggan simulacra (IceCv)
  10 worker ants
  4 troll simulacra (IceCv)
  7 centaur simulacra (IceCv)
  A hound skeleton (D:3)
  A worker ant zombie (D:8)
  A howler monkey zombie (D:7)
  15 gnolls
  A howler monkey skeleton (D:7)
  2 naga simulacra (IceCv)
  10 adders
  2 ogre simulacra (IceCv)
  3 shadow imps (D:6)
  12 white imps (IceCv)
  3 oozes
  An adder zombie (D:7)
  An adder skeleton (D:7)
  3 worms
  A dart slug (D:1)
  8 leopard geckos
  121 orcs
  5 giant cockroaches
  11 goblins
  13 hobgoblins
  18 jackals
  19 kobolds
  A quokka (D:2)
  5 bats
  3 frilled lizards
  5 rats
723 creatures vanquished.

Vanquished Creatures (collateral kills)
  2 dream sheep (Lair:5)
  2 orc wizards
  2 orcs (D:5)
6 creatures vanquished.

Vanquished Creatures (others)
  2 orcs
  A bush (Lair:3)
  5 fungi
  8 plants
16 creatures vanquished.

Grand Total: 745 creatures vanquished

Notes
Turn   | Place    | Note
-------+----------+-------------------------------------------
     0 | D:1      | Monsterracer the Merfolk Artificer began the quest for the Orb.
     0 | D:1      | Reached XP level 1. HP: 15/15 MP: 3/3
    17 | D:1      | HP: 6/15 [goblin/club (4)]
   385 | D:1      | Reached XP level 2. HP: 14/22 MP: 4/4
  1292 | D:2      | Reached XP level 3. HP: 29/29 MP: 5/5
  1406 | D:1      | Reached skill level 1 in Polearms
  1612 | D:2      | Reached skill level 2 in Polearms
  2041 | D:2      | Found a runed door.
  2324 | D:2      | Reached skill level 3 in Polearms
  2341 | D:2      | Reached XP level 4. HP: 32/35 MP: 4/6
  2994 | D:3      | Noticed a phantom
  3016 | D:3      | HP: 17/35 [phantom (5)]
  3023 | D:3      | HP: 12/35 [phantom (1)]
  3025 | D:3      | Reached skill level 4 in Polearms
  3045 | D:3      | HP: 10/35 [phantom (4)]
  3051 | D:3      | HP: 4/35 [phantom (3)]
  3446 | D:3      | HP: 17/35 [phantom (5)]
  3451 | D:3      | HP: 14/35 [phantom (1)]
  3468 | D:3      | HP: 5/35 [phantom (6)]
  3857 | D:3      | Killed a phantom
  3857 | D:3      | Reached skill level 6 in Polearms
  3857 | D:3      | Reached XP level 5. HP: 27/41 MP: 7/7
  3876 | D:3      | HP: 14/41 [something/puff of flame (8)]
  4305 | D:3      | Reached XP level 6. HP: 34/47 MP: 8/8
  4320 | D:3      | HP: 23/47 [poisoned by an adder]
  4327 | D:3      | HP: 21/47 [poisoned by an adder]
  4334 | D:3      | HP: 20/47 [poisoned by an adder]
  4342 | D:3      | HP: 19/47 [poisoned by an adder]
  5039 | D:3      | HP: 22/47 [orc wizard/magic dart (5)]
  5043 | D:3      | Reached skill level 7 in Polearms
  5047 | D:3      | HP: 15/47 [orc/club (2)]
  5604 | D:2      | Noticed Crazy Yiuf
  5610 | D:2      | Killed Crazy Yiuf
  5985 | D:4      | Reached XP level 7. HP: 44/53 MP: 9/9
  6214 | D:4      | Noticed Natasha
  6221 | D:4      | Killed Natasha
  6221 | D:4      | Reached skill level 8 in Polearms
  6282 | D:4      | Noticed Dowan
  6318 | D:4      | HP: 27/54 [Dowan/dagger (2)]
  6328 | D:4      | Killed Dowan
  6428 | D:4      | Noticed Duvessa
  6458 | D:4      | HP: 27/54 [orc/hand axe (5)]
  6463 | D:4      | HP: 27/54 [orc/hand axe (1)]
  6496 | D:4      | HP: 26/54 [something (4)]
  6771 | D:4      | Killed Duvessa
  6779 | D:4      | HP: 27/55 [iguana (8)]
  6945 | D:4      | Found a shattered altar of Ashenzari.
  6977 | D:4      | Noticed Grinder
  6979 | D:4      | Noticed Natasha
  7068 | D:4      | HP: 23/55 [phantom (8)]
  7074 | D:4      | Reached skill level 9 in Polearms
  7074 | D:4      | Reached skill level 5 in Dodging
  7501 | D:4      | Killed Natasha
  7595 | D:4      | Noticed Natasha
  7607 | D:4      | Killed Natasha
  7607 | D:4      | Reached XP level 8. HP: 59/61 MP: 10/10
  7626 | D:4      | Paralysed by Grinder for 4 turns
  7666 | D:4      | Paralysed by Grinder for 3 turns
  7683 | D:4      | Killed Grinder
  7683 | D:4      | Reached skill level 5 in Fighting
  7683 | D:4      | Reached skill level 10 in Polearms
  7875 | D:5      | Entered Level 5 of the Dungeon
  7920 | D:5      | HP: 31/63 [gnoll/spear (3)]
  8228 | D:5      | HP: 28/63 [centaur/arrow (6)]
  8233 | D:5      | HP: 15/63 [centaur (2)]
  8233 | D:5      | HP: 7/63 [something (6)]
  8234 | D:5      | HP: 1/63 [centaur (6)]
  8745 | D:5      | Reached skill level 11 in Polearms
  8995 | D:5      | HP: 25/64 [something (14)]
  9002 | D:5      | HP: 18/64 [orc/war axe (8)]
  9025 | D:5      | HP: 12/64 [something (5)]
  9037 | D:5      | HP: 10/64 [worker ant (2)]
  9098 | D:5      | HP: 18/64 [worker ant (3)]
  9431 | D:5      | Reached XP level 9. HP: 57/69 MP: 11/11
 10203 | D:6      | Reached skill level 12 in Polearms
 10268 | D:6      | Noticed Menkaure
 10275 | D:6      | Killed Menkaure
 10537 | D:6      | Found a staircase to the Ecumenical Temple.
 10558 | Temple   | Entered the Ecumenical Temple
 10721 | D:6      | HP: 32/71 [orc warrior/flail (6)]
 10773 | D:6      | HP: 34/71 [phantom (7)]
 10781 | D:6      | HP: 32/71 [phantom (3)]
 11220 | D:6      | Found a sparkling altar of Nemelex Xobeh.
 11221 | D:6      | Found an ancient bone altar of Kikubaaqudgha.
 11222 | D:6      | Found a snail-covered altar of Cheibriados.
 11222 | D:6      | Found a bloodstained altar of Trog.
 11222 | D:6      | Found a radiant altar of Vehumet.
 11222 | D:6      | Found a sacrificial altar of Ru.
 11225 | D:6      | Found a white marble altar of Elyvilon.
 11227 | D:6      | Found a shadowy altar of Dithmenos.
 11228 | D:6      | Found a hazy altar of Hepliaklqana.
 11229 | D:6      | Found a shimmering altar of Xom.
 11232 | D:6      | Became a worshipper of Trog the Wrathful
 11450 | D:7      | HP: 31/72 [hippogriff (6)]
 11455 | D:7      | HP: 27/72 [hippogriff (1)]
 11476 | D:6      | HP: 28/72 [hippogriff (1)]
 11481 | D:6      | HP: 21/72 [hippogriff (5)]
 11482 | D:6      | Reached skill level 13 in Polearms
 12004 | D:7      | Reached XP level 10. HP: 79/79 MP: 12/12
 12137 | D:7      | Reached * piety under Trog
 12628 | D:8      | Reached skill level 14 in Polearms
 12695 | D:8      | Noticed a two-headed hydra
 12701 | D:8      | Killed a two-headed hydra
 12808 | D:8      | Noticed a two-headed ogre
 12821 | D:8      | Killed a two-headed ogre
 12821 | D:8      | Reached skill level 10 in Dodging
 12821 | D:8      | Reached skill level 5 in Stealth
 12847 | D:8      | Noticed a skeletal warrior
 12878 | D:8      | Killed a skeletal warrior
 12878 | D:8      | Reached XP level 11. HP: 84/90 MP: 13/13
 13112 | D:8      | Noticed a centaur warrior
 13121 | D:8      | Killed a centaur warrior
 13121 | D:8      | Reached skill level 10 in Fighting
 13292 | D:8      | Reached ** piety under Trog
 13294 | D:8      | Got a twisted mace {drain}
 13456 | D:8      | Noticed a five-headed hydra
 13477 | D:8      | Killed a five-headed hydra
 13513 | D:8      | Reached skill level 15 in Polearms
 13712 | D:8      | Paralysed by a hornet for 3 turns
 13713 | D:8      | HP: 66/138 [hornet (12)]
 13716 | D:8      | HP: 25/138 [ogre/giant club (14)]
 14071 | D:8      | Found Xeloriry's Armour Shop.
 14470 | D:8      | Found a stormy altar of Qazlal.
 14811 | D:9      | HP: 66/138 [orc warrior/flail (12)]
 14844 | D:9      | HP: 40/92 [orc priest/divine providence (12)]
 15234 | D:9      | HP: 42/92 [cloud of flame (18)]
 15235 | D:9      | HP: 10/92 [cloud of flame (32)]
 15755 | D:9      | Found a staircase to the Orcish Mines.
 15769 | D:9      | Reached *** piety under Trog
 16089 | D:9      | Found a staircase to the Lair.
 16091 | D:9      | Found a runed gate.
 16091 | D:9      | Found a runed gate.
 16091 | D:9      | Found a runed gate.
 16092 | D:9      | Noticed bosm's ghost (novice DsTm)
 16115 | Lair:1   | Entered Level 1 of the Lair of Beasts
 16135 | Lair:1   | Reached skill level 16 in Polearms
 16192 | D:9      | Killed bosm's ghost
 16369 | D:9      | Got a pitted trident
 16372 | D:9      | Identified the cursed +1 trident of Elloq {freeze, +Inv rF+ Str+4} (You found it on level 9 of the Dungeon)
 16396 | D:9      | Reached XP level 12. HP: 100/100 MP: 14/14
 17851 | Lair:2   | Reached skill level 17 in Polearms
 17872 | Lair:2   | You fall through a shaft!
 18095 | Lair:3   | HP: 50/101 [wolf (2)]
 18100 | Lair:3   | HP: 43/101 [hippogriff (1)]
 18107 | Lair:3   | HP: 41/101 [hippogriff (1)]
 18447 | Lair:3   | Reached skill level 18 in Polearms
 18450 | Lair:3   | HP: 43/102 [blink frog (12)]
 18458 | Lair:3   | HP: 41/102 [blink frog (4)]
 18465 | Lair:3   | HP: 25/102 [blink frog (13)]
 18984 | Lair:2   | Noticed a five-headed hydra
 18996 | Lair:2   | Killed a five-headed hydra
 19176 | Lair:2   | Reached **** piety under Trog
 19182 | Lair:2   | HP: 73/153 [yak (9)]
 19187 | Lair:2   | Reached XP level 13. HP: 78/108 MP: 15/15
 19195 | Lair:2   | HP: 44/108 [yak (10)]
 20503 | Lair:3   | Reached skill level 19 in Polearms
 20724 | Lair:3   | Reached ***** piety under Trog
 21139 | Lair:3   | Received a gift from Trog
 21499 | Lair:4   | Found a staircase to the Snake Pit.
 21528 | Lair:4   | Found a frozen archway.
 21537 | Lair:4   | Found a staircase to the Shoals.
 21651 | IceCv    | Entered an ice cave
 21662 | IceCv    | HP: 81/163 [alligator simulacrum (9)]
 21664 | IceCv    | HP: 39/163 [alligator simulacrum (15)]
 22307 | IceCv    | HP: 54/109 [freezing wraith (9)]
 22632 | IceCv    | Found an ancient bone altar of Kikubaaqudgha.
 22926 | IceCv    | Reached skill level 5 in Evocations
 23015 | IceCv    | Received a gift from Trog
 23520 | Shoals:1 | Entered Level 1 of the Shoals
 23533 | Lair:4   | HP: 47/109 [manticore (16)]
 23810 | Shoals:1 | Reached skill level 20 in Polearms
 23823 | Shoals:1 | Noticed a kraken
 23885 | Shoals:1 | HP: 53/111 [merfolk/trident (11)]
 23891 | Shoals:1 | HP: 41/111 [merfolk/trident (4)]
 24392 | Lair:4   | Reached XP level 14. HP: 118/118 MP: 18/18
 24790 | Lair:4   | Reached skill level 1 in Armour
 24797 | Lair:4   | Got a pair of ichor-stained gloves
 24803 | Lair:4   | Identified the +0 pair of gloves of the Dolphin {*Corrode +Blink rF- rN+++} (You found it on level 4 of the Lair of Beasts)
 25618 | Lair:5   | Found a staircase to the Slime Pits.
 25629 | Lair:5   | Found a viscous altar of Jiyva.
 26130 | Lair:5   | Received a gift from Trog
 26473 | Lair:6   | Entered Level 6 of the Lair of Beasts
 26501 | Lair:5   | HP: 57/118 [dream sheep (6)]
 26506 | Lair:5   | HP: 38/118 [dream sheep (1)]
 26511 | Lair:5   | HP: 22/118 [dream sheep (1)]
 26513 | Lair:5   | HP: 2/118 [dream sheep (21)]
 26950 | Orc:1    | Entered Level 1 of the Orcish Mines
 26950 | Orc:1    | Noticed Josephine
 27095 | Orc:1    | Killed Josephine
 27175 | Orc:1    | Found Ticricwu's Jewellery Shoppe.
 27195 | Orc:1    | Bought a +3 ring of slaying for 630 gold pieces
 27195 | Orc:1    | Bought an uncursed ring of protection from magic for 350 gold pieces
 27298 | Orc:2    | Entered Level 2 of the Orcish Mines
 27755 | Orc:2    | Received a gift from Trog
 28070 | Orc:2    | Found Nuvoon's Antique Weapon Emporium.
 28215 | Orc:2    | HP: 51/120 [soul eater/drain life[an orc sorcerer] (10)]
 28217 | Orc:2    | Reached skill level 15 in Dodging
 28537 | Orc:2    | HP: 84/180 [orc knight/war axe (31)]
 28560 | Orc:2    | Found Cass's Antique Armour Shop.
 28560 | Orc:2    | Found Ceetupyi's Distillery.
 28562 | Orc:2    | Found Ohiufirph's Assorted Antiques.
 28562 | Orc:2    | Found Mubeydi's Distillery.
 28568 | Orc:2    | Bought an embroidered cloak for 255 gold pieces
 28581 | Orc:2    | Bought a shimmering turquoise ring for 165 gold pieces
 28582 | Orc:2    | Identified the ring of the Neverending Hells {MR+ Str+3 Dex-5 Stlth-} (You bought it in a shop on level 2 of the Orcish Mines)
 28600 | Orc:2    | Bought a potion of heal wounds for 65 gold pieces
 28600 | Orc:2    | Bought a potion of haste for 130 gold pieces
 29005 | Orc:2    | Found a staircase to the Elven Halls.
 29513 | Orc:2    | HP: 82/181 [orc warrior/short sword[an orc high priest] (15)]
 29518 | Orc:2    | HP: 69/181 [orc warrior/short sword[an orc high priest] (13)]
 29746 | Orc:1    | Noticed Erica
 29751 | Orc:2    | HP: 90/181 [orc warrior/glaive (17)]
 30009 | Orc:2    | Killed Erica
 30186 | Orc:1    | Reached ****** piety under Trog
 30186 | Orc:1    | Received a gift from Trog
 30496 | D:10     | Entered Level 10 of the Dungeon
 31052 | D:11     | Found Vamepro's Gadget Shop.
 31102 | D:11     | Found a flagged portal.
 31117 | Bailey   | Entered a bailey
 31466 | Bailey   | Reached skill level 15 in Fighting
 32428 | D:11     | Reached XP level 15. HP: 129/129 MP: 6/19
 32649 | D:12     | Noticed Kirke
 32694 | D:11     | HP: 59/129 [Kirke (18)]
 32699 | D:11     | HP: 34/129 [Kirke (13)]
 32704 | D:11     | HP: 5/129 [Kirke (15)]
 32707 | D:11     | Slain by Kirke

Skill      XL: |  1  2  3  4  5  6  7  8  9 10 11 12 13 14 |
---------------+-------------------------------------------+-----
Fighting       | 2 3 4 6 7 9 11 12 13 15 | 15.1
Polearms       | 3 6 7 9 11 13 14 16 18 20 | 20.0
Dodging        | 3 4 5 6 8 10 11 13 14 15 | 15.6
Stealth        | 2 5 |  5.4
Evocations     | 5 6 |  6.5
Armour         | 4 |  4.1
Short Blades   | |  1.2

Action                   |  1- 3 |  4- 6 |  7- 9 | 10-12 | 13-15 || total
-------------------------+-------+-------+-------+-------+-------++-------
Melee: Short sword       |    81 |       |       |       |       ||    81
       Spear             |   106 |   413 |   557 |       |       ||  1076
       Trident           |       |       |   204 |   233 |    53 ||   490
       Glaive            |       |       |       |   584 |  1196 ||  1780
       Tailslap          |       |       |       |     1 |       ||     1
Throw: Throwing net      |       |       |     2 |       |       ||     2
Invok: Berserk           |       |       |       |    19 |    37 ||    56
       Brothers in Arms  |       |       |       |       |     1 ||     1
 Abil: Evoke Flight      |       |       |     1 |       |       ||     1
Evoke: Wand              |     1 |     8 |    10 |       |       ||    19
       Sack of spiders   |       |       |       |       |     1 ||     1
  Use: Scroll            |       |     9 |     4 |     5 |    12 ||    30
 Stab: Paralysed         |       |     4 |       |       |       ||     4
       Sleeping          |       |       |     3 |     9 |     7 ||    19
       Distracted        |       |       |     1 |     4 |     2 ||     7
  Eat: Chunk             |     4 |    13 |    23 |    31 |    54 ||   125
       Ration            |       |       |       |     4 |     8 ||    12
Armor: Ring mail         |    47 |    82 |   137 |   137 |   185 ||   588
       Plate armour      |       |       |       |       |     7 ||     7
       Crystal plate arm |       |       |       |       |    26 ||    26
Dodge: Dodged            |    85 |   170 |   290 |   551 |   977 ||  2073

Vault maps used:
D:1:      matt_arrival_grand_opening
D:2:      uniq_crazy_yiuf_cottage
D:4:      nicolae_ashenzari_panopticon, first_ration, grunt_ministairs_13,
          serial_park_tiny_2, uniq_grinder, uniq_natasha, uniq_duvessa
D:6:      minitemple, minmay_temple_entry_grid, uniq_menkaure
D:8:      minmay_the_grid_octo_2x2, grunt_qazlal_sundering, serial_shops, shop,
          hangedman_ranch, kennysheep_decorative_pillar, corner_web_ring
D:9:      lair_entry_dummy, erik_orc_2, gammafunk_ghost_spectres
D:11:     enter_bailey_7, serial_shops, shop, minmay_misc_feat_tower
D:12:     lemuel_ice_spiral_2, serial_shops, nicolae_shop_trees,
          ebering_ghost_reflecting_pool, uniq_kirke
Temple:   zaba_magenta_temple
Lair:1:   minivault_26, nicolae_lair_grove_arrangements
Lair:2:   cheibrodos_lair_lostbears
Lair:3:   regret_index_combs_of_tragedy, lab_entry_generic
Lair:4:   shoals_dummy_entry, guppyfry_snake_entry_island,
          portal_ice_cave_entry_pillars_1, minivault_25,
          grunt_forest_small_clearings
Lair:5:   slime_altar_1
Lair:6:   hangedman_lair_caniforms_friends, guppyfry_lair_end_dragon,
          bobbens_dragon_lair_wall
Orc:1:    serial_shops, nicolae_shop_window_shopping, uniq_josephine, uniq_erica
Orc:2:    grunt_orc_tribal_feast, serial_shops, nicolae_shop_window_shopping
Bailey:   bailey_polearm_4, bailey
IceCv:    ice_cave_small_necro
